 Dungeon Crawl Stone Soup version 0.28-a0-938-gbc3f381ebc (webtiles) character file.

Game seed: 14371769170894758561

39 ytrimaz the Grave Robber (level 3, -3/24 HPs)
             Began as a Demonspawn Necromancer on Nov 28, 2021.
             Slain by a gnoll (5 damage)
             ... on level 2 of the Dungeon.
             The game lasted 00:01:33 (919 turns).

ytrimaz the Grave Robber (Demonspawn Necromancer)    Turns: 919, Time: 00:01:34

Health: -3/24      AC:  4    Str:  8    XL:     3   Next: 26%
Magic:  4/6        EV: 14    Int: 17    God:
Gold:   8          SH:  0    Dex: 13    Spells: 5/6 levels left

rFire   . . .      SeeInvis .   (no weapon)
rCold   . . .      Faith    .   (no shield)
rNeg    . . .      Spirit   .   a - +0 robe
rPois   .          Reflect  .   (no helmet)
rElec   .          Harm     .   (no cloak)
rCorr   .          Rampage  .   b - +0 pair of gloves
Will    .....                   c - +0 pair of boots
Stlth   ++........              (no amulet)
HPRegen 0.08/turn               (no ring)
MPRegen 0.10/turn               (no ring)

@: no status effects
A: repulsion field 1, spiny 1
a: no special abilities


You were on level 2 of the Dungeon.
You visited 1 branch of the dungeon, and saw 2 of its levels.

You collected 8 gold pieces.

Inventory:

Armour
 a - a +0 robe (worn)
 b - a +0 pair of gloves (worn)
 c - a +0 pair of boots (worn)
Jewellery
 e - a ring of positive energy


   Skills:
 + Level 2.0 Dodging
 - Level 1.7 Stealth
 + Level 2.4 Spellcasting
 + Level 5.2 Necromancy


You had 5 spell levels left.
You knew the following spells:

 Your Spells              Type           Power      Damage    Failure   Level
a - Pain                  Necr           76%        1d7       2%          1

Your spell library contained the following spells:

 Spells                   Type           Power      Damage    Failure   Level
 Animate Skeleton         Necr           38%        N/A       2%          1
 Vampiric Draining        Necr           19%        2d7       6%          3
 Animate Dead             Necr           9%         N/A       22%         4
 Dazzling Flash           Conj/Hex       4%         N/A       50%         3
 Agony                    Necr           19%        N/A       52%         5
 Silence                  Hex/Air        1%         N/A       99%         5


Dungeon Overview and Level Annotations

Branches:
Dungeon (2/15)

Altars:


Innate Abilities, Weirdness & Mutations

You are surrounded by a mild repulsion field. (EV +2)
You are partially covered in sharp spines.


Message History

You miss the adder.
The adder is severely wounded.
The adder is struck by your spines. The adder bites you.
The adder is struck by your spines.
You kill the adder!
Your Dodging skill increases to level 2!
You have reached level 3!
Your experience leads to an increase in your attributes!
Increase (S)trength, (I)ntelligence, or (D)exterity?
You feel clever.
Your demonic ancestry asserts itself...
You begin to radiate repulsive energy.
The gnoll writhes in agony!
The gnoll barely resists.
The gnoll is struck by your spines. The gnoll hits you with a +0 club.
You hit the gnoll but do no damage.
The gnoll is heavily wounded.
The gnoll is struck by your spines. The gnoll hits you but does no damage.
You barely miss the gnoll.
The gnoll is almost dead.
The gnoll misses you.
Found a moonstone ring.
You hit the gnoll but do no damage.
The gnoll is almost dead.
The gnoll is struck by your spines.
You kill the gnoll!
You see here a ring of positive energy.
e - a ring of positive energy The gnoll barely resists.
You hit the gnoll but do no damage.
The gnoll is lightly wounded.
The gnoll misses you. The gnoll hits you with a +0 whip!
* * * LOW HITPOINT WARNING * * *
You barely miss the gnoll.
The gnoll is lightly wounded.
The gnoll barely misses you. The gnoll hits you with a +0 whip.
* * * LOW HITPOINT WARNING * * *
Unknown command.
It was a potion of cancellation.
You feel magically purged. The gnoll closely misses you.
The gnoll hits you with a +0 whip.
You die...

#.....# #...#
#.#
#.....####.##
###.##
##.....# #.#
#....#
#.....# #.
#....'
#.....#
#....#
#.g...#
#....#
##g####
#....# #.##
#....# #@g+
###### ####


You could see 3 gnolls.

Vanquished Creatures
  A gnoll (D:2)
  2 adders (D:2)
  A bat (D:2)
  2 endoplasms (D:2)
  A goblin (D:2)
  A quokka (D:1)
  3 ball pythons
  A kobold (D:1)
  A rat (D:2)
13 creatures vanquished.

Notes
Turn   | Place    | Note
-------+----------+-------------------------------------------
     0 | D:1      | ytrimaz the Demonspawn Necromancer began the quest for the
                  | Orb.
     0 | D:1      | Reached XP level 1. HP: 13/13 MP: 3/3
   687 | D:2      | Gained mutation: You are partially covered in sharp spines.
                  | [demonic ancestry]
   687 | D:2      | Reached XP level 2. HP: 15/19 MP: 0/5
   876 | D:2      | Found a faded altar of an unknown god.
   879 | D:2      | Reached skill level 5 in Necromancy
   897 | D:2      | Gained mutation: You are surrounded by a mild repulsion
                  | field. (EV +2) [demonic ancestry]
   897 | D:2      | Reached XP level 3. HP: 18/24 MP: 4/6
   919 | D:2      | Slain by a gnoll

Illustrated notes

Levels and vault maps discovered:
D:1:      dpeg_arrival_solitude, layout_basic
D:2:      wad_river_or_something, layout_basic,
          shapermc_ecumenical_altar_starsandcircs, minmay_shallow_snake_nest

Skill      XL: |  1  2 |
---------------+-------+-----
Necromancy     | 5 |  5.2
Dodging        | 2 |  2.0
Stealth        | |  1.7
Spellcasting   | |  2.4

Action                   || total
-------------------------++-------
Melee: Unarmed           ||     9
 Cast: Pain              ||    23
  Use: Potion            ||     1
Armor: Robe              ||    11
Dodge: Dodged            ||    31

Table legend: (Time is in decaauts)
 A = Elapsed time spent in this place.
 B = Non-inter-level travel time spent in this place.
 C = Inter-level travel time spent in this place.
 D = Time resting spent in this place.
 E = Time spent auto-exploring this place.
 F = Levels seen in this place.
 G = Mean time per level.
                   A        B        C        D        E       F      G
               +--------+--------+--------+--------+--------+-----+--------+
         Total |    919 |    919 |      0 |    540 |    222 |   2 |  459.5 |
       Dungeon |    919 |    919 |      0 |    540 |    222 |   2 |  459.5 |
               +--------+--------+--------+--------+--------+-----+--------+

Top non-repeatable levels by time:
     D:2: 525 daAuts
     D:1: 394 daAuts
